 Dungeon Crawl Stone Soup version 0.19.1-1-g22dce08 (webtiles) character file.

90037 Rrauwl the Bludgeoner (level 15, -19/166 HPs)
             Began as a Minotaur Berserker on Jan 15, 2017.
             Was the Champion of Trog.
             Demolished by a slime creature (21 damage)
             ... on level 5 of the Lair of Beasts on Jan 16, 2017.
             The game lasted 02:47:30 (23903 turns).

Rrauwl the Bludgeoner (Minotaur Berserker)         Turns: 23903, Time: 02:47:30

Health: -19/166    AC: -2    Str: 28    XL:     15   Next: 51%
Magic:  19/19      EV: 18    Int:  6    God:    Trog [******]
Gold:   613        SH:  3    Dex: 12    Spells: 0 memorised, 14 levels left

rFire  + + .     SeeInvis .     T - +5 great mace (venom)
rCold  . . .     Gourm    .     h - +4 ring mail {rF+}
rNeg   . . .     Faith    .     (shield currently unavailable)
rPois  .         Spirit   .     C - +0 hat
rElec  .         Reflect  +     x - +0 cloak
rCorr  .         Harm     .     I - +0 pair of gloves
MR     ++...                    (no boots)
Stlth  +.........               n - +3 amulet of reflection
                                z - ring of protection from magic
                                (no ring)

@: exhausted, corroded, slowed, very slow
A: retaliatory headbutt, horns 2, molten scales 1, blink, clever 1, fire
resistance 1, robust 2, strong 1, wild magic 1
a: Blink, Berserk, Trog's Hand, Brothers in Arms, Burn Spellbooks, Renounce
Religion


You were on level 5 of the Lair of Beasts.
You worshipped Trog.
Trog was exalted by your worship.
You were not hungry.

You visited 5 branches of the dungeon, and saw 25 of its levels.

You collected 2647 gold pieces.
You spent 2034 gold pieces at shops.

Inventory:

Hand Weapons
 T - a +5 great mace of venom (weapon)
Missiles
 H - 3 exploding tomahawks (quivered)
 W - 5 javelins of penetration
Armour
 h - a +4 ring mail of fire resistance (worn)
 x - a +0 cloak (worn)
 C - a +0 hat (worn)
 I - a +0 pair of gloves (worn)
Jewellery
 d - an uncursed ring of protection from cold
 n - a +3 amulet of reflection (around neck)
 q - an uncursed ring of see invisible
 s - an uncursed ring of flight
 z - a ring of protection from magic (right hand)
Wands
 l - a wand of digging (24/24)
 v - a wand of teleportation (2/9)
 w - a wand of iceblast (9/15)
 D - a wand of acid (10/15)
 G - a wand of lightning (11/15)
Scrolls
 a - 5 scrolls of remove curse
 e - 13 scrolls of identify
 j - 8 scrolls of teleportation
 k - a scroll of fog
 p - 2 scrolls of fear
 K - a scroll of summoning
Potions
 f - a potion of agility
 r - 4 potions of cancellation
 B - 7 potions of curing
 J - a potion of haste
 S - 2 potions of might
 U - 3 potions of resistance
Miscellaneous
 Q - a phial of floods
Comestibles
 b - 2 slices of pizza
 c - 8 bread rations


   Skills:
 + Level 14.7 Fighting
 + Level 16.8 Maces & Flails
 - Level 9.0 Throwing
 + Level 14.2 Armour
 + Level 13.1 Dodging
   Level 2.0 Shields
 - Level 7.1 Evocations


You had 14 spell levels left.
You didn't know any spells.

Dungeon Overview and Level Annotations

Branches:
Dungeon (15/15)            Temple (0/1) D:4            Lair (6/6) D:9
 Shoals (0/4) Lair:3        Snake (0/4) Lair:3        Slime (1/5) Lair:5
    Orc (2/2) D:9             Elf (0/3) Orc:2        Vaults (0/5) D:13
 Depths (1/5) D:15

Altars:
Cheibriados
Dithmenos
Elyvilon
Gozag
Nemelex Xobeh
Ru
Uskayaw
Xom
Zin
The Shining One
Beogh

Shops:
D:12 [   D:13 :   D:15 %   Orc:2 [[(?[

Portals:
Trove: D:14 (give 12 potions of heal wounds)


Innate Abilities, Weirdness & Mutations

You reflexively headbutt those who attack you in melee.
You have a pair of horns on your head.
You are partially covered in molten scales. (AC +2)
You can translocate small distances at will.
Your mind is acute. (Int +2)
Your flesh is heat resistant. (rF+)
You are very robust. (+20% HP)
Your muscles are strong. (Str +2)
Your spells are a little harder to cast, but a little more powerful.


Message History

Trog accepts your kill. The slime creature hits you!
* * * LOW HITPOINT WARNING * * *
The slime creature hits you!
* * * LOW HITPOINT WARNING * * *
The slime creature closely misses you.
An azure jelly comes into view.
There is a staircase back to the Lair here.
You feel a strong urge to attack something.
You block the slime creature's attack. The slime creature hits you!!
* * * LOW HITPOINT WARNING * * *
You climb upwards.
Welcome back to the Lair of Beasts!
There is a staircase to the Slime Pits here.
You are too berserk!
You barely miss the slime creature. You headbutt the slime creature.
The slime creature is moderately wounded.
You are no longer berserk.
You are exhausted.
You feel yourself slow down. The slime creature hits you!!
You die...

........#.P....#....## #.........
.........#P..........# ##........
........##...........####..#.....
.._..P..#P.............##...#....
......##................#..####..
......#..P......#..........###.#.
..................#........#..#..
.[.............J.................
.............#.J@..#.............
................J................
..............#...#..............
................#................
...P#....#..............#........
....#..####...........)...).##.#.
..P###...#............###.....###
...P#...##P....#.#.........##....
....#...###.....#......##........


You could see 3 slime creatures.

Vanquished Creatures
  An acid blob (Slime:1)
  Gastronok (D:11)
  Agnes (D:15)
  Donald (Orc:2)
  Nessos (Orc:2)
  The ghost of Whitewater the Peltast, a journeyman MiBe of Trog (Lair:5)
  Josephine (Lair:5)
  A fire dragon (Lair:6)
  8 slime creatures
  2 ogre magi (Orc:2)
  A yaktaur captain (D:15)
  A vault guard (D:13)
  Erolcha (Orc:2)
  5 hydras
  The ghost of monokles the Fighter, a journeyman DsMo of Ru (Lair:2)
  4 centaur warriors
  A death knight (D:12)
  A death yak (Lair:6)
  A deep troll (Orc:1)
  9 hill giants
  Pikel (D:6)
  A necromancer (D:15)
  17 ugly things
  2 orc knights
  3 cyclopes
  The ghost of Macro the Slinger, a novice HaWn of Fedhas (D:5)
  2 manticores
  2 orc sorcerers (Orc:2)
  A siren (Lair:3)
  Joseph (D:7)
  4 elephants (Lair:5)
  Maurice (Orc:2)
  2 torpor snails (Lair:6)
  6 black mambas
  11 spiny frogs
  2 kobold demonologists (D:15)
  3 komodo dragons
  A yaktaur (D:15)
  4 rime drakes
  An efreet (D:14)
  4 red devils (D:14)
  11 trolls
  A harpy zombie (D:15)
  2 polar bears
  5 two-headed ogres
  Prince Ribbit (D:9)
  12 dream sheep (Lair:6)
  8 hippogriffs
  A spriggan (D:8)
  41 yaks
  3 shadows
  3 wyverns
  Eustachio (D:6)
  4 water elementals (D:15)
  3 wraiths (Lair:5)
  3 basilisks
  2 steam dragons
  3 hungry ghosts
  7 wargs
  A mottled dragon (D:14)
  A soldier ant (D:12)
  Edmund (D:6)
  4 nagas (Lair:3)
  17 water moccasins
  A floating eye (shapeshifter) (D:15)
  10 porcupines
  2 hell hounds (D:9)
  2 swamp drakes (Lair:6)
  24 orc warriors
  6 black bears
  6 ice beasts
  6 sky beasts
  2 slaves (D:6)
  2 phantoms
  24 ogres
  9 centaurs
  2 necrophages
  2 wolves (Lair:2)
  18 crocodiles
  2 big kobolds
  22 bullfrogs
  An earth elemental (Orc:2)
  A gnoll sergeant (D:10)
  6 scorpions
  A wyvern skeleton (D:12)
  5 killer bees (D:8)
  7 wights
  3 howler monkeys (D:14)
  5 crimson imps
  11 jellies
  2 centaur zombies
  40 orc wizards
  7 hounds
  18 orc priests
  2 centaur skeletons
  7 iguanas
  2 bullfrog skeletons
  11 hell rats (Lair:5)
  9 worker ants
  2 hound skeletons
  14 gnolls
  A howler monkey skeleton (D:4)
  11 adders
  3 shadow imps
  2 adder skeletons
  5 worms
  3 dart slugs
  4 leopard geckos
  96 orcs
  A ball python (D:4)
  4 giant cockroaches
  2 goblins
  4 hobgoblins
  9 jackals
  3 quokkas
  6 bats
  4 frilled lizards
  12 kobolds
  A quokka skeleton (D:4)
  6 rats
  A bush (Lair:6)
  2 butterflies (Lair:6)
  A fungus (Lair:2)
  A plant (Lair:6)
724 creatures vanquished.

Vanquished Creatures (collateral kills)
  The ghost of Lahna the Fencer, a journeyman MiBe of Trog (Orc:2)
  Sonja (Lair:2)
  A deep troll (Orc:1)
  A hill giant (Orc:1)
  An orc sorcerer (Orc:2)
  A troll (Orc:1)
  3 two-headed ogres (Orc:1)
  A spriggan (Lair:2)
  A warg (Orc:1)
  4 ogres
  A wolf (Lair:2)
16 creatures vanquished.

Vanquished Creatures (others)
  A kobold (D:14)
  21 fungi
  16 plants
38 creatures vanquished.

Grand Total: 778 creatures vanquished

Notes
Turn   | Place    | Note
-------+----------+-------------------------------------------
     0 | D:1      | Rrauwl the Minotaur Berserker began the quest for the Orb.
     0 | D:1      | Reached XP level 1. HP: 19/19 MP: 0/0
   114 | D:1      | Reached skill level 4 in Maces & Flails
   390 | D:2      | Reached XP level 2. HP: 26/26 MP: 1/1
   534 | D:2      | Reached skill level 5 in Maces & Flails
   534 | D:2      | Reached XP level 3. HP: 31/31 MP: 2/2
   748 | D:2      | Reached ** piety under Trog
   787 | D:2      | Found a shadowy altar of Dithmenos.
   950 | D:2      | Found a white marble altar of Elyvilon.
   951 | D:2      | Found a hide-covered altar of Uskayaw.
  1202 | D:3      | Reached XP level 4. HP: 39/39 MP: 3/3
  1320 | D:3      | Noticed a centaur
  1331 | D:3      | Killed a centaur
  1331 | D:3      | Reached skill level 7 in Maces & Flails
  1331 | D:3      | Reached XP level 5. HP: 45/45 MP: 4/4
  1535 | D:4      | Gained mutation: You are robust. (+10% HP) [potion of mutation]
  1535 | D:4      | Gained mutation: You are partially covered in molten scales. (AC +2) [potion of mutation]
  1535 | D:4      | Gained mutation: You are very robust. (+20% HP) [potion of mutation]
  1536 | D:4      | Noticed an ogre
  1542 | D:4      | Reached skill level 8 in Maces & Flails
  1548 | D:4      | Killed an ogre
  1548 | D:4      | Reached XP level 6. HP: 54/61 MP: 5/5
  1723 | D:4      | Reached skill level 9 in Maces & Flails
  1874 | D:4      | Reached XP level 7. HP: 61/68 MP: 6/6
  1906 | D:4      | Found a staircase to the Ecumenical Temple.
  2033 | D:4      | Reached skill level 10 in Maces & Flails
  2663 | D:5      | Entered Level 5 of the Dungeon
  2694 | D:5      | Found a snail-covered altar of Cheibriados.
  2700 | D:5      | Noticed Macro's ghost (novice HaWn)
  2712 | D:5      | Killed Macro's ghost
  2712 | D:5      | Reached skill level 11 in Maces & Flails
  2712 | D:5      | Reached XP level 8. HP: 76/76 MP: 7/7
  2724 | D:5      | Reached skill level 12 in Maces & Flails
  2778 | D:5      | Reached *** piety under Trog
  3108 | D:5      | Gained mutation: Your spells are a little harder to cast, but a little more powerful. [potion of mutation]
  3108 | D:5      | Gained mutation: You can translocate small distances at will. [potion of mutation]
  3108 | D:5      | Gained mutation: Your muscles are strong. (Str +2) [potion of mutation]
  3160 | D:6      | Reached skill level 13 in Maces & Flails
  3447 | D:6      | Reached XP level 9. HP: 69/84 MP: 8/8
  3658 | D:6      | Noticed Edmund
  3665 | D:6      | Killed Edmund
  3665 | D:6      | Reached skill level 14 in Maces & Flails
  3665 | D:6      | Reached skill level 1 in Evocations
  3708 | D:6      | Found a glowing silver altar of Zin.
  3719 | D:6      | Found a shimmering altar of Xom.
  3722 | D:6      | Found an opulent altar of Gozag.
  3733 | D:6      | Noticed Eustachio
  3735 | D:6      | Noticed Pikel
  3771 | D:6      | Killed Eustachio
  3771 | D:6      | Reached skill level 1 in Shields
  3779 | D:6      | Killed Pikel
  3779 | D:6      | Reached skill level 1 in Throwing
  4038 | D:7      | Reached **** piety under Trog
  4096 | D:7      | Noticed Joseph
  4109 | D:7      | Killed Joseph
  4125 | D:7      | Reached skill level 5 in Fighting
  4558 | D:7      | Reached XP level 10. HP: 97/97 MP: 11/11
  5185 | D:8      | Reached skill level 5 in Armour
  5325 | D:8      | Reached skill level 5 in Dodging
  5593 | D:9      | Noticed Prince Ribbit
  5632 | D:9      | Killed Prince Ribbit
  5640 | D:9      | Reached ***** piety under Trog
  5767 | D:9      | Found a staircase to the Orcish Mines.
  6004 | D:9      | Found a staircase to the Lair.
  6037 | Lair:1   | Entered Level 1 of the Lair of Beasts
  6064 | Lair:1   | Noticed a spiny frog
  6086 | Lair:1   | Killed a spiny frog
  6235 | Lair:1   | Noticed a spiny frog
  6238 | Lair:1   | Killed a spiny frog
  6289 | Lair:1   | Noticed a black mamba
  6301 | Lair:1   | Killed a black mamba
  6301 | Lair:1   | Reached skill level 5 in Throwing
  6301 | Lair:1   | Reached skill level 5 in Evocations
  6301 | Lair:1   | Reached XP level 11. HP: 68/110 MP: 13/13
  7159 | Lair:2   | Found a labyrinth entrance.
  7268 | Lair:2   | Noticed monokles's ghost (journeyman DsMo)
  7275 | Lair:2   | Killed monokles's ghost
  7287 | Lair:2   | Noticed Sonja
  7302 | Lair:2   | Killed Sonja
  8189 | Lair:3   | Noticed a six-headed hydra
  8200 | Lair:3   | Killed a six-headed hydra
  8796 | Lair:3   | Found a staircase to the Snake Pit.
  9522 | Lair:3   | Reached XP level 12. HP: 111/124 MP: 15/15
  9524 | Lair:3   | Found a staircase to the Shoals.
  9860 | Lair:4   | Noticed a four-headed hydra
  9866 | Lair:4   | Killed a four-headed hydra
 10210 | Lair:4   | Noticed a five-headed hydra
 10222 | Lair:4   | Killed a five-headed hydra
 10468 | Lair:4   | Got a brightly glowing leather armour
 10479 | Lair:4   | Identified the +2 leather armour of Sunlight {rF+ SInv} (You found it on level 4 of the Lair of Beasts)
 10919 | Lair:5   | Noticed Josephine
 10945 | Lair:5   | Killed Josephine
 11157 | Lair:5   | Noticed Whitewater's ghost (journeyman MiBe)
 11168 | Lair:5   | Killed Whitewater's ghost
 11193 | Lair:5   | Reached skill level 10 in Fighting
 11280 | Lair:5   | Received a gift from Trog
 11465 | Lair:5   | Found a staircase to the Slime Pits.
 11597 | Lair:5   | Found a sacrificial altar of Ru.
 12165 | Lair:6   | Entered Level 6 of the Lair of Beasts
 12317 | Lair:6   | Reached skill level 10 in Armour
 12563 | Lair:6   | Received a gift from Trog
 12683 | Lair:6   | Reached XP level 13. HP: 131/138 MP: 17/17
 13064 | Lair:6   | Reached skill level 10 in Dodging
 13408 | Lair:6   | Noticed a fire dragon
 13437 | Lair:6   | Killed a fire dragon
 13827 | Orc:1    | Entered Level 1 of the Orcish Mines
 13997 | Orc:2    | Entered Level 2 of the Orcish Mines
 13997 | Orc:2    | Found Eloilisi's Antique Weapon Shoppe.
 13997 | Orc:2    | Found a staircase to the Elven Halls.
 14140 | Orc:2    | Noticed Erolcha
 14598 | Orc:1    | Received a gift from Trog
 14881 | Orc:2    | Found Piteex's Armour Shop.
 14886 | Orc:2    | Killed Erolcha
 14886 | Orc:2    | Reached skill level 15 in Maces & Flails
 14910 | Orc:2    | Noticed Lahna's ghost (journeyman MiBe)
 15631 | Orc:2    | Killed Lahna's ghost
 15733 | Orc:2    | Found Joibleni's Magic Scroll Emporium.
 15734 | Orc:2    | Found Ommoh's Antique Armour Emporium.
 15982 | Orc:2    | Bought a scroll of immolation for 52 gold pieces
 16242 | Orc:2    | Noticed Maurice
 16247 | Orc:2    | Killed Maurice
 16250 | Orc:2    | Reached XP level 14. HP: 152/152 MP: 18/18
 16345 | Orc:2    | Noticed Donald
 16345 | Orc:2    | Noticed Nessos
 16359 | Orc:2    | Killed Nessos
 16374 | Orc:2    | Killed Donald
 16725 | Orc:2    | Found Jaomoegi's Antique Armour Emporium.
 16795 | Orc:2    | Bought a transparent plate armour for 784 gold pieces
 16805 | Orc:2    | Identified the cursed +1 plate armour of the Mutiny {Str+2} (You bought it in a shop on level 2 of the Orcish Mines)
 16821 | Orc:2    | Bought a scroll of acquirement for 780 gold pieces
 16828 | Orc:2    | Bought a scroll of identify for 30 gold pieces
 16828 | Orc:2    | Bought a scroll of identify for 30 gold pieces
 16828 | Orc:2    | Bought a scroll of fear for 52 gold pieces
 16927 | Orc:1    | Received a gift from Trog
 17373 | D:10     | Entered Level 10 of the Dungeon
 17413 | D:10     | Received a gift from Trog
 17626 | D:10     | Found a glowing golden altar of the Shining One.
 18457 | D:11     | Noticed Gastronok
 18479 | D:11     | Killed Gastronok
 19286 | D:12     | Found Metick's Antique Armour Shoppe.
 19294 | D:12     | Bought a scorched scale mail for 306 gold pieces
 19304 | D:12     | Identified the +3 scale mail "Nenginie" {rF- MR+ Str+3} (You bought it in a shop on level 12 of the Dungeon)
 19624 | D:13     | Found Uduhyfy's Book Emporium.
 19649 | D:13     | Received a gift from Trog
 19656 | D:13     | Found a roughly hewn altar of Beogh.
 20079 | D:13     | Received a gift from Trog
 20191 | D:13     | Found a sparkling altar of Nemelex Xobeh.
 20318 | D:13     | Received a gift from Trog
 20375 | D:13     | Reached skill level 16 in Maces & Flails
 20380 | D:13     | Found a gate to the Vaults.
 20717 | D:14     | Found a portal to a secret trove of treasure.
 20725 | D:14     | Gained mutation: Your flesh is heat resistant. (rF+) [potion of beneficial mutation]
 20726 | D:14     | Gained mutation: Your mind is acute. (Int +2) [potion of beneficial mutation]
 20762 | D:14     | Received a gift from Trog
 21103 | D:14     | Reached XP level 15. HP: 165/165 MP: 19/19
 21840 | D:15     | Entered Level 15 of the Dungeon
 22175 | D:15     | Reached ****** piety under Trog
 22870 | D:15     | Found a staircase to the Depths.
 23042 | D:15     | Found Pig Lud's Food Emporium.
 23115 | Depths:1 | Entered Level 1 of the Depths
 23115 | Depths:1 | Noticed Agnes
 23218 | D:15     | Killed Agnes
 23416 | Depths:1 | Noticed a tengu reaver
 23833 | Slime:1  | Entered Level 1 of the Pits of Slime
 23834 | Slime:1  | Noticed an acid blob
 23898 | Slime:1  | Killed an acid blob
 23901 | Slime:1  | Noticed an azure jelly
 23901 | Slime:1  | HP: 2/249 [slime creature (18)]
 23903 | Lair:5   | Demolished by a slime creature

Skill      XL: |  1  2  3  4  5  6  7  8  9 10 11 12 13 14 15 |
---------------+----------------------------------------------+-----
Maces & Flails | 4 5 7 8 9 11 13 14 15 16 | 16.8
Evocations     | 3 5 6 7 |  7.1
Shields        | 2 |  2.0
Fighting       | 5 7 9 10 12 14 | 14.7
Throwing       | 3 5 6 8 9 |  9.0
Armour         | 4 6 8 10 12 13 14 | 14.2
Dodging        | 4 6 7 9 11 12 13 | 13.1

Action                   |  1- 3 |  4- 6 |  7- 9 | 10-12 | 13-15 || total
-------------------------+-------+-------+-------+-------+-------++-------
Melee: Mace              |    83 |    53 |   162 |       |       ||   298
       Headbutt          |     8 |    10 |    54 |   149 |   239 ||   460
       Dire flail        |       |       |    97 |   637 |       ||   734
       Great mace        |       |       |       |    13 |  1045 ||  1058
Throw: Javelin           |       |       |       |     1 |       ||     1
Invok: Berserk           |       |     2 |     4 |     8 |    19 ||    33
       Trog's Hand       |       |     1 |       |       |     3 ||     4
       Brothers in Arms  |       |       |       |     2 |     7 ||     9
       Burn Spellbooks   |       |       |       |       |     1 ||     1
 Abil: Blink             |       |       |       |       |     6 ||     6
Evoke: Wand              |       |       |     1 |     1 |     4 ||     6
  Use: Potion            |       |     5 |     4 |     3 |     7 ||    19
       Scroll            |       |     7 |     6 |    11 |    11 ||    35
 Stab: Distracted        |       |       |       |       |     1 ||     1
  Eat: Chunk             |     1 |     4 |     8 |    15 |    38 ||    66
       Beef jerky        |       |       |     1 |     2 |     1 ||     4
       Pizza             |       |       |     2 |     1 |     4 ||     7
       Bread ration      |       |       |       |     1 |     3 ||     4
       Fruit             |       |       |       |     7 |     4 ||    11
       Meat ration       |       |       |       |     1 |       ||     1
Armor: Ring mail         |    34 |    25 |    53 |   127 |   275 ||   514
       Animal skin       |     1 |       |       |       |       ||     1
       Chain mail        |       |       |       |       |     6 ||     6
Dodge: Dodged            |    44 |    34 |    70 |   263 |   648 ||  1059
Block: Buckler           |       |       |    16 |       |       ||    16
       Other             |       |       |     7 |    42 |   100 ||   149
       Reflection        |       |       |       |     1 |     7 ||     8
